 Dungeon Crawl Stone Soup version 0.18-a0-731-ga019a5f (webtiles) character file.

3609 Raultor the Cleaver (level 9, -6/71 HPs)
             Began as a Demonspawn Gladiator on Dec 8, 2015.
             Mangled by a sixfirhy (8 damage)
             ... on level 1 of the Abyss on Dec 9, 2015.
             The game lasted 00:26:28 (6155 turns).

Raultor the Cleaver (Demonspawn Gladiator)          Turns: 6155, Time: 00:26:28

Health: -6/71      AC: 16    Str: 18    XL:     9   Next: 86%
Magic:  0/9        EV: 10    Int:  9    God:
Gold:   322        SH:  0    Dex: 15    Spells: 0 memorised, 8 levels left

rFire  . . .     SeeInvis .     a - +0 war axe
rCold  . . .     Clarity  .     v - +0 storm dragon armour {rElec}
rNeg   . . .     SustAt   .     (no shield)
rPois  .         Gourm    .     (helmet restricted)
rElec  +         Spirit   +     k - +0 cloak
rCorr  .         Dismiss  .     (no gloves)
rMut   .         Stasis   .     (no boots)
MR     .....                    u - amulet of guardian spirit {Spirit}
Stlth  ..........               (no ring)
                                (no ring)

@: not resistant to hostile enchantments, extremely unstealthy
A: horns 2, slimy green scales 2, powered by death 1
a: no special abilities


You were on level 1 of the Abyss.
You were hungry.

You visited 1 branch of the dungeon, and saw 6 of its levels.
You visited the Abyss 1 time.

You collected 322 gold pieces.

Inventory:

Hand Weapons
 a - a +0 war axe (weapon)
 c - a +0 flail of crushing
   (You took it off Edmund on level 4 of the Dungeon)
Missiles
 d - 3 throwing nets {=f, !d}
 s - 2 curare-tipped needles
Armour
 j - a +0 scale mail
   (You found it on level 2 of the Dungeon)
 k - a +0 cloak (worn)
   (You found it on level 1 of the Dungeon)
 o - a +1 plate armour
   (You found it on level 4 of the Dungeon)
 v - a +0 storm dragon armour (worn) {rElec}
   (You found it on level 4 of the Dungeon)
 C - a troll hide {regen}
   (You found it on level 1 of the Abyss)
Jewellery
 u - an amulet of guardian spirit (around neck) {Spirit}
   (You found it on level 4 of the Dungeon)
Wands
 n - a wand of fire (7)
   (You found it on level 1 of the Abyss)
 x - a wand of magic darts (29)
   (You found it on level 5 of the Dungeon)
Scrolls
 b - a scroll of enchant armour
 f - a scroll of remove curse
 i - 3 scrolls of identify
 q - a scroll of blinking {unknown}
 r - a scroll of fog {unknown}
 t - 5 scrolls of teleportation {unknown}
 w - a scroll of amnesia {unknown}
 y - a scroll of random uselessness {unknown}
 B - 2 scrolls of vulnerability {unknown}
Potions
 h - 4 potions of flight {unknown}
 l - a potion of curing
 p - a potion of might {unknown}
 A - a potion of beneficial mutation {unknown}
Comestibles
 e - 4 bread rations {@e1}
 g - 3 meat rations {@e2}
 m - a beef jerky


   Skills:
 + Level 6.6 Fighting
 * Level 8.7 Axes
 - Level 1.7 Throwing
 + Level 5.6 Armour
 + Level 6.3 Dodging


You had 8 spell levels left.
You didn't know any spells.

Dungeon Overview and Level Annotations

Branches:
Dungeon (6/15)
 Temple: D:4-7

Altars:
Ashenzari
Cheibriados
Nemelex Xobeh
Okawaru
Pakellas
Qazlal
Ru
Sif Muna
Trog
Vehumet
Xom
Yredelemnul
The Shining One

Annotations:
D:4 Jessica


Innate Abilities, Weirdness & Mutations

You have a pair of horns on your head.
You are mostly covered in slimy green scales (AC +3).
You regenerate a little health from kills.


Message History

The raiju completely resists.
The raiju blinks!
The raiju blinks!
The raiju blinks! x3
You take 6 damage, and have 21/71 hp.
You now have 2/9 mp.
You closely miss the raiju. Your headbutt misses the raiju. You hit the raiju.
The raiju bites you but does no damage. The raiju closely misses you.
The raiju bursts into living lightning!
The living lightning hits the raiju.
The raiju completely resists.
The living lightning misses you. The living lightning hits you! You resist.
The living lightning misses the raiju.
The raiju blinks!
The raiju blinks!
The raiju blinks! x3
The raiju closely misses you.
You regained 2 hp, and now have 23/71 hp.
You barely miss the raiju. You hit the raiju.
The raiju bites you but does no damage.
The raiju bursts into living lightning!
The living lightning hits you! You resist.
* * * LOW HITPOINT WARNING * * *
The living lightning hits you! You resist.
* * * LOW HITPOINT WARNING * * *
The living lightning hits the raiju.
The raiju completely resists.
The living lightning misses the raiju.
The raiju blinks!
The raiju blinks!
The raiju blinks! x3
You take 7 damage, and have 16/71 hp.
You now have 1/9 mp.
You barely miss the raiju.
You headbutt the raiju, but do no damage.
You hit the small abomination but do no damage.
You hit the raiju. The raiju closely misses you.
The small abomination hits you but does no damage.
The raiju bites you but does no damage.
You closely miss the raiju. You headbutt the raiju! You slash the raiju!
You kill the raiju!
You barely miss the small abomination.
The small abomination barely misses you.
The raiju bursts into living lightning!
The living lightning hits you! You resist.
* * * LOW HITPOINT WARNING * * *
The living lightning hits you! You resist.
* * * LOW HITPOINT WARNING * * *
The living lightning hits the raiju.
The raiju completely resists.
The raiju blinks! x5
The raiju bursts into living lightning!
The living lightning hits you! You resist.
* * * LOW HITPOINT WARNING * * *
The living lightning misses you.
The living lightning misses the raiju.
The living lightning misses the raiju.
The raiju blinks!
The raiju blinks!
The raiju blinks! x3
You take 6 damage, and have 11/71 hp.
You slash the raiju! You headbutt the raiju.
You kill the raiju!
You hit the raiju.
You hit the small abomination but do no damage.
The small abomination closely misses you.
The raiju bites you.
* * * LOW HITPOINT WARNING * * *
The raiju shocks you. You resist.
* * * LOW HITPOINT WARNING * * *
The small abomination closely misses you.
A ynoxinul comes into view.
You take 2 damage, and have 9/71 hp.
The ynoxinul bellows!
The raiju bites you but does no damage.
The ynoxinul gestures.
You see here a raiju corpse.
You regained 2 hp, and now have 11/71 hp.
You regained 2 hp, and now have 13/71 hp.
You closely miss the small abomination.
The small abomination hits you but does no damage.
You regained 3 hp, and now have 16/71 hp.
You hit the small abomination but do no damage.
The small abomination hits you!
* * * LOW HITPOINT WARNING * * *
You take 9 damage, and have 7/71 hp.
You now have 1/9 mp.
You hit the small abomination. The small abomination hits you!
* * * LOW HITPOINT WARNING * * *
The small abomination barely misses you.
You take 5 damage, and have 2/71 hp.
You now have 0/9 mp.
You hit the small abomination but do no damage.
You headbutt the small abomination, but do no damage.
The small abomination barely misses you.
You regained 3 hp, and now have 5/71 hp.
You regained 2 hp, and now have 7/71 hp.
You feel less regenerative.
The small abomination closely misses you.
The small abomination hits you.
* * * LOW HITPOINT WARNING * * *
You take 6 damage, and have 2/71 hp.
Drink which item? (? for menu, Esc to quit)
You feel better.
The small abomination hits you but does no damage.
You regained 8 hp, and now have 10/71 hp.
The small abomination closely misses you.
A tentacled starspawn comes into view.
The small abomination hits you but does no damage.
A sixfirhy comes into view.
The sixfirhy hits you!
* * * LOW HITPOINT WARNING * * *
The sixfirhy shocks you. You resist.
* * * LOW HITPOINT WARNING * * *
The sixfirhy hits you!
You die...

### ####.#
###.##..
######5#.#..#
#.@...#.#5##.
#4##xX.h.##..
...
#..#.#.#..
#.##.
#...###.#. ..
.##...###.#..
.# #..##....#
## ...# #.#.#
#... ..#. ##
.## ... . .


You could see a tentacled starspawn, a sixfirhy, a raiju, a small abomination
and an ufetubus.

Vanquished Creatures
  The ghost of nublet the Shield-Bearer, a novice CeFi (D:6)
  Grinder (D:5)
  2 raiju (Abyss:1)
  Sigmund (D:3)
  6 golden eyes (Abyss:1)
  The ghost of nublet the Skirmisher, an amateur CeFi (D:4)
  Edmund (D:4)
  2 small abominations (Abyss:1)
  3 ogres
  A centaur (D:6)
  A giant frog (D:5)
  The ghost of bli the Shield-Bearer, a weakling DDFi (D:3)
  A centaur zombie (D:5)
  A jelly (D:5)
  An orc priest (D:6)
  A hound (D:4)
  A giant frog skeleton (D:4)
  5 orc wizards
  A gnoll shaman (D:5)
  Natasha (twice) (D:3)
  3 iguanas
  2 worker ants (D:5)
  A hound skeleton (D:6)
  A worker ant zombie (D:6)
  8 adders
  3 gnolls (D:5)
  A shadow imp (D:6)
  2 worms
  6 giant geckos
  12 orcs
  3 ball pythons
  4 giant cockroaches
  12 hobgoblins
  6 jackals (D:2)
  7 kobolds
  2 quokkas
  6 bats
  8 giant newts
  6 goblins
  2 jackal skeletons (D:4)
  A quokka skeleton (D:4)
  8 rats
138 creatures vanquished.

Notes
Turn   | Place    | Note
--------------------------------------------------------------
     0 | D:1      | Raultor the Demonspawn Gladiator began the quest for the Orb.
     0 | D:1      | Reached XP level 1. HP: 16/16 MP: 1/1
     0 | D:1      | Noticed a ghoul
     0 | D:1      | Noticed a naga
     3 | D:1      | Noticed a merfolk zombie
    10 | D:1      | Noticed a gargoyle
    12 | D:1      | Noticed a draconian skeleton
    13 | D:1      | Noticed a centaur
    14 | D:1      | Noticed an elf
    18 | D:1      | Noticed an elf skeleton
    20 | D:1      | Noticed a vine stalker zombie
   268 | D:1      | Reached skill level 1 in Armour
   268 | D:1      | Gained mutation: You are partially covered in slimy green scales (AC +2). [demonic ancestry]
   268 | D:1      | Reached XP level 2. HP: 9/22 MP: 2/2
   511 | D:1      | Reached skill level 3 in Axes
   835 | D:1      | Reached XP level 3. HP: 25/27 MP: 3/3
  1127 | D:2      | Reached skill level 3 in Dodging
  1355 | D:2      | Reached XP level 4. HP: 29/34 MP: 4/4
  1599 | D:2      | Found a glowing golden altar of the Shining One.
  1813 | D:3      | Noticed Sigmund
  1861 | D:3      | Upgraded the game from 0.18-a0-721-g8fc53f4 to 0.18-a0-731-ga019a5f
  1894 | D:3      | Killed Sigmund
  1894 | D:3      | Reached skill level 3 in Fighting
  1894 | D:3      | Reached skill level 4 in Axes
  1894 | D:3      | Reached skill level 2 in Armour
  1894 | D:3      | Gained mutation: You have a pair of small horns on your head. [demonic ancestry]
  1894 | D:3      | Reached XP level 5. HP: 19/41 MP: 5/5
  2059 | D:3      | Noticed an ogre
  2063 | D:3      | Killed an ogre
  2063 | D:3      | Reached XP level 6. HP: 30/47 MP: 6/6
  2159 | D:3      | Noticed bli's ghost (weakling DDFi)
  2177 | D:3      | HP: 10/47 [bli's ghost (6)]
  2178 | D:3      | Killed bli's ghost
  2760 | D:3      | Noticed Natasha
  2771 | D:3      | Killed Natasha
  3114 | D:3      | Noticed Natasha
  3128 | D:3      | Killed Natasha
  3217 | D:4      | Reached skill level 5 in Axes
  3294 | D:4      | Reached skill level 4 in Dodging
  3294 | D:4      | Gained mutation: You have a pair of horns on your head. [demonic ancestry]
  3294 | D:4      | Reached XP level 7. HP: 41/53 MP: 7/7
  3407 | D:4      | Noticed nublet's ghost (amateur CeFi)
  3420 | D:4      | Killed nublet's ghost
  3420 | D:4      | Reached skill level 4 in Fighting
  3420 | D:4      | Reached skill level 3 in Armour
  3424 | D:4      | Noticed Jessica
  3434 | D:4      | Found a deep blue altar of Sif Muna.
  3694 | D:4      | Noticed Edmund
  3722 | D:4      | Killed Edmund
  4054 | D:4      | HP: 12/54 [ogre/giant club (20)]
  4330 | D:5      | Entered Level 5 of the Dungeon
  4365 | D:5      | Reached skill level 6 in Axes
  4367 | D:5      | Gained mutation: You are mostly covered in slimy green scales (AC +3). [demonic ancestry]
  4367 | D:5      | Reached XP level 8. HP: 57/61 MP: 6/8
  4412 | D:5      | Noticed Grinder
  4425 | D:5      | Paralysed by Grinder for 6 turns
  4435 | D:5      | Killed Grinder
  4579 | D:5      | Reached skill level 4 in Armour
  4581 | D:5      | Reached skill level 5 in Fighting
  4839 | D:5      | Found a snail-covered altar of Cheibriados.
  4841 | D:5      | Found an iron altar of Okawaru.
  4844 | D:5      | Found a sparkling altar of Nemelex Xobeh.
  4845 | D:5      | Found a shattered altar of Ashenzari.
  4845 | D:5      | Found a shimmering altar of Xom.
  4845 | D:5      | Found a bloodstained altar of Trog.
  4845 | D:5      | Found an oddly glowing altar of Pakellas.
  4846 | D:5      | Found a radiant altar of Vehumet.
  4848 | D:5      | Found a sacrificial altar of Ru.
  4853 | D:5      | Found a basalt altar of Yredelemnul.
  4854 | D:5      | Found a stormy altar of Qazlal.
  5375 | D:6      | Noticed nublet's ghost (novice CeFi)
  5400 | D:6      | HP: 15/62 [nublet's ghost (2)]
  5401 | D:6      | Killed nublet's ghost
  5401 | D:6      | Reached skill level 7 in Axes
  5401 | D:6      | Reached skill level 5 in Dodging
  5401 | D:6      | Gained mutation: You regenerate a little health from kills. [demonic ancestry]
  5401 | D:6      | Reached XP level 9. HP: 16/68 MP: 3/9
  5903 | D:6      | HP: 10/69 [orc warrior/trident (14)]
  5907 | D:6      | HP: 3/69 [orc warrior/trident (7)]
  5917 | D:6      | Cast into level 1 of the Abyss (orc)
  5991 | Abyss:1  | Reached skill level 6 in Fighting
  5991 | Abyss:1  | Reached skill level 5 in Armour
  5991 | Abyss:1  | Reached skill level 8 in Axes
  6085 | Abyss:1  | Reached skill level 6 in Dodging
  6130 | Abyss:1  | HP: 16/71 [raiju/living lightning (4)]
  6137 | Abyss:1  | HP: 7/71 [small abomination (11)]
  6138 | Abyss:1  | HP: 2/71 [small abomination (7)]
  6145 | Abyss:1  | HP: 2/71 [small abomination (6)]
  6151 | Abyss:1  | Noticed a tentacled starspawn
  6154 | Abyss:1  | Noticed a sixfirhy
  6155 | Abyss:1  | HP: 3/71 [sixfirhy (8)]
  6155 | Abyss:1  | Mangled by a sixfirhy

Vault maps used:
D:1:      shiori_arrival_whats_in_store_for_you
D:2:      nrook_mini_backslash, tso_altar
D:3:      first_bread, uniq_natasha, uniq_sigmund
D:4:      tgw_sif, uniq_edmund
D:5:      minitemple, uniq_grinder
Abyss:1:  evilmike_abyss_exit_glass

Action                   |  1- 3 |  4- 6 |  7- 9 || total
-------------------------+-------+-------+-------++-------
Melee: War axe           |   120 |   139 |   293 ||   552
  Use: Potion            |       |     3 |     4 ||     7
       Scroll            |       |     3 |       ||     3
 Stab: Sleeping          |     1 |       |       ||     1
       Invisible         |       |       |     1 ||     1
  Eat: Chunk             |     2 |     6 |     9 ||    17

Vault maps used:
D:1:      shiori_arrival_whats_in_store_for_you
D:2:      nrook_mini_backslash, tso_altar
D:3:      first_bread, uniq_natasha, uniq_sigmund
D:4:      tgw_sif, uniq_edmund
D:5:      minitemple, uniq_grinder
Abyss:1:  evilmike_abyss_exit_glass

Table legend:
 A = Turns spent in this place as a percentage of turns spent in the entire game.
 B = Non-inter-level travel turns spent in this place as a percentage of non-inter-level travel turns spent in the entire game.
 C = Inter-level travel turns spent in this place as a percentage of turns spent in this place.
 D = Turns resting spent in this place as a percentage of non-inter-level travel turns spent in this place.
 E = Turns spent auto-exploring this place as a percentage of non-inter-level travel turns spent in this place.
 F = Non-inter-level travel turns spent in this place divided by the number of levels of this place that you've seen.
                   A       B       C       D       E      F
               +-------+-------+-------+-------+-------+----------------------
         Total | 100.0 | 100.0 |   0.4 |   2.0 |  10.2 | 202.7
       Dungeon |  83.9 |  83.8 |   0.5 |   2.4 |  12.0 | 198.2
         Abyss |  16.1 |  16.2 |   0.0 |   0.0 |   0.9 | 230.0
               +-------+-------+-------+-------+-------+----------------------

Table legend:
 A = Kills in this place as a percentage of kills in entire the game.
 B = Kills by you in this place as a percentage of kills by you in the entire game.
 C = Kills by friends in this place as a percentage of kills by friends in the entire game.
 D = Other kills in this place as a percentage of other kills in the entire game.
 E = Experience gained in this place as a percentage of experience gained in the entire game.
 F = Experience gained in this place divided by the number of levels of this place that you have seen.
                   A       B       C       D       E      F
               +-------+-------+-------+-------+-------+----------------------
         Total | 100.0 | 100.0 |  -nan |  -nan | 100.0 | 736.7
       Dungeon |  92.8 |  92.8 |  -nan |  -nan |  63.2 | 543.3
         Abyss |   7.2 |   7.2 |  -nan |  -nan |  36.8 | 1897.0
               +-------+-------+-------+-------+-------+----------------------
